 Dungeon Crawl Stone Soup version 0.29.1-1-gd02db6906a (webtiles) character file.

Game seed: 468472311551517932

60 masschaos23 the Trooper (level 4, -1/40 HPs)
             Began as a Hill Orc Fighter on Sept 15, 2022.
             Slain by a scorpion (4 damage)
             ... on level 4 of the Dungeon.
             The game lasted 00:00:58 (1459 turns).

masschaos23 the Trooper (Hill Orc Fighter)          Turns: 1459, Time: 00:00:59

Health: -1/40      AC:  7    Str: 20    XL:     4   Next: 6%
Magic:  4/4        EV:  9    Int:  8    God:
Gold:   110        SH:  4    Dex: 10    Spells: 3/3 levels left

rFire   . . .      SeeInvis .   a - +0 war axe
rCold   . . .      Faith    .   c - +0 buckler
rNeg    . . .      Spirit   .   b - +0 scale mail
rPois   .          Reflect  .   (no helmet)
rElec   .          Harm     .   (no cloak)
rCorr   .          Rampage  .   (no gloves)
Will    .....                   (no boots)
Stlth   ..........              (no amulet)
HPRegen 0.13/turn               (no ring)
MPRegen 0.09/turn               (no ring)

@: lethally poisoned (-1 -> -3), about to teleport, hasted, very quick
A: no striking features
a: no special abilities


You were on level 4 of the Dungeon.
You visited 1 branch of the dungeon, and saw 3 of its levels.

You collected 110 gold pieces.

Inventory:

Hand Weapons
 a - a +0 war axe (weapon)
Armour
 b - a +0 scale mail (worn)
 c - a +0 buckler (worn)
Jewellery
 m - an amulet of guardian spirit
Scrolls
 e - a scroll of poison {unknown}
 f - a scroll of magic mapping {unknown}
 h - a scroll of teleportation
 l - a scroll of vulnerability {unknown}
Potions
 d - a potion of might
 g - a potion of lignification {unknown}
 i - a potion of haste
 j - a potion of brilliance {unknown}
 k - a potion of flight {unknown}
 n - a potion of curing {unknown}


   Skills:
 + Level 4.1 Fighting
 + Level 4.0 Axes
 + Level 3.8 Armour
 + Level 0.4 Dodging
 + Level 3.5 Shields


You had 3 spell levels left.
You didn't know any spells.
Your spell library contained the following spells:

 Spells                   Type           Power      Damage    Failure   Level
 Slow                     Hex            0%         N/A       85%         1
 Sting                    Tmut/Pois      0%         1d3       85%         1
 Ensorcelled Hibernation  Hex/Ice        0%         N/A       94%         2
 Passwall                 Tmut/Erth      0%         N/A       94%         2
 Poisonous Vapours        Pois/Air       0%         N/A       94%         2
 Confusing Touch          Hex            0%         N/A       99%         3
 Swiftness                Air            0%         N/A       99%         3
 Vampiric Draining        Necr           0%         2d6       99%         3
 Olgreb's Toxic Radiance  Pois           0%         N/A       100%        4


Dungeon Overview and Level Annotations

Branches:
Dungeon (2/15)

Altars:


Message History

There are monsters nearby!
You closely miss the giant cockroach.
A jelly comes into view.
The giant cockroach bites you but does no damage.
The giant cockroach barely misses you. The scorpion stings you.
You are poisoned.
The scorpion poisons you!
There are monsters nearby!
You hit the scorpion but do no damage. You miss the kobold.
You barely miss the giant cockroach. You hit the goblin.
You feel very sick. The giant cockroach barely misses you.
The scorpion stings you. The goblin hits you with a +0 club.
The kobold hits you with a +0 whip.
An iguana comes into view.
There are monsters nearby!
You slash the goblin!
You kill the goblin!
You closely miss the kobold. You barely miss the scorpion.
You closely miss the giant cockroach.
You feel very sick. The giant cockroach closely misses you.
The scorpion barely misses you. The kobold barely misses you.
The giant cockroach bites you. The scorpion stings you.
An endoplasm comes into view.
The kobold hits you with a +0 whip. The hobgoblin barely misses you.
The giant cockroach attacks as you move away!
The giant cockroach bites you but does no damage.
You feel sick. The kobold hits you with a +0 whip.
* * * LOW HITPOINT WARNING * * *
As you read the scroll labelled XAYCILOTOPN, it crumbles to dust.
You feel strangely unstable.
It was a scroll of teleportation.
You feel sick. You block the scorpion's attack.
The giant cockroach barely misses you. The kobold barely misses you.
You feel sick. The jelly barely misses you. You block the scorpion's attack.
The giant cockroach bites you.
* * * LOW HITPOINT WARNING * * *
It was a potion of haste.
You feel yourself speed up.
* * * LOW HITPOINT WARNING * * *
You feel sick. The scorpion stings you.
You die...

##### #...# #...# #
#...#.#
################[.!#.###
........................
################@..#...#
.....KsBJ......
.......g.....!.
........)......
.......l.....$.
..>..(.........
.......J.......
#.................
#.................


You could see a scorpion, an iguana, a jelly, an endoplasm, a giant cockroach, a
hobgoblin and a kobold.

Vanquished Creatures
  2 adders (D:2)
  A worm (D:2)
  6 ball pythons
  5 endoplasms
  2 giant cockroaches
  2 goblins
  A hobgoblin (D:1)
  7 jackals
  A quokka (D:1)
  2 bats
  3 frilled lizards (D:2)
  A kobold (D:2)
  5 rats
38 creatures vanquished.

Notes
Turn   | Place    | Note
-------+----------+-------------------------------------------
     0 | D:1      | masschaos23 the Hill Orc Fighter began the quest for the
                  | Orb.
     0 | D:1      | Reached XP level 1. HP: 19/19 MP: 1/1
   188 | D:1      | Reached XP level 2. HP: 25/27 MP: 2/2
   917 | D:2      | Reached XP level 3. HP: 33/33 MP: 3/3
  1222 | D:2      | Reached XP level 4. HP: 40/40 MP: 4/4
  1360 | D:2      | You fall into a shaft and drop 2 floors!
  1450 | D:4      | Noticed a scorpion
  1459 | D:4      | Slain by a scorpion

Illustrated notes

Levels and vault maps discovered:
D:1:      dpeg_arrival_circle_labyrinth_a, layout_basic
D:2:      layout_basic, minmay_tiny_reverse_x
D:4:      layout_basic, led_sif_book, kennysheep_little_box

Skill      XL: |  1  2  3 |
---------------+----------+-----
Axes           | 3 4 |  4.0
Fighting       | 4 |  4.1
Armour         | |  3.8
Dodging        | |  0.4
Shields        | |  3.5

Action                   |  1- 3 |  4- 6 || total
-------------------------+-------+-------++-------
Melee: War axe           |    92 |     8 ||   100
  Use: Scroll            |       |     1 ||     1
       Potion            |       |     1 ||     1
Armor: Scale mail        |    36 |     6 ||    42
Dodge: Dodged            |    58 |     9 ||    67
Block: Buckler           |    24 |     3 ||    27
